 Dungeon Crawl Stone Soup version 0.31-a0-18-gea43df2a32 (webtiles) character file.

Game seed: 8825639972146135241

142 vineage the Poker (level 5, -2/43 HPs)
             Began as a Merfolk Gladiator on May 11, 2023.
             Slain by a gnoll
             ... wielding a +0 spear
              (6 damage)
             ... on level 3 of the Dungeon.
             The game lasted 00:02:10 (2735 turns).

vineage the Poker (Merfolk Gladiator)               Turns: 2735, Time: 00:02:11

Health: -2/43      AC:  5    Str: 16    XL:     5   Next: 25%
Magic:  5/5        EV: 13    Int:  8    God:
Gold:   214        SH:  0    Dex: 15    Spells: 4/4 levels left

rFire   . . .        a - +0 trident
rCold   . . .        (no shield)
rNeg    . . .        b - +0 leather armour
rPois   .            c - +0 helmet
rElec   .            (no cloak)
rCorr   .            k - +0 pair of gloves
SInv    .            (no boots)
Will    .....        (no amulet)
Stlth   +            (no ring)
HPRegen 0.27/turn    (no ring)
MPRegen 0.09/turn

%: no passive effects
@: no status effects
A: (nimble swimmer 2), mertail
a: no special abilities


You were on level 3 of the Dungeon.
You visited 1 branch of the dungeon, and saw 3 of its levels.

You collected 214 gold pieces.

Inventory:

Hand Weapons
 a - a +0 trident (weapon)
Missiles
 d - 3 throwing nets (quivered)
 e - a javelin
Armour
 b - a +0 leather armour (worn)
 c - a +0 helmet (worn)
 k - a +0 pair of gloves (worn)
Jewellery
 i - a ring of magical power
Scrolls
 g - 2 scrolls of noise {unknown}
 h - a scroll of amnesia
 j - 2 scrolls of teleportation
 n - a scroll of enchant armour {unknown}
 p - a scroll of identify
Potions
 f - 2 potions of attraction
 l - 2 potions of degeneration {unknown}
 m - 2 potions of mutation
 o - 2 potions of heal wounds {unknown}
 q - a potion of curing {unknown}


   Skills:
 + Level 4.3 Fighting
 + Level 6.1 Polearms
 - Level 2.0 Throwing
 - Level 4.0 Dodging


You had 4 spell levels left.
You didn't know any spells.
Your spell library contained the following spells:

 Spells                   Type           Power      Damage    Failure   Level
 Static Discharge         Conj/Air       0%         2-2/arc   63%         2
 Airstrike                Air            0%         2d(0-16)  99%         4
 Summon Lightning Spire   Summ/Air       0%         N/A       99%         4


Dungeon Overview and Level Annotations

Branches:
Dungeon (3/15)

Altars:
Ashenzari
Elyvilon
Makhleb
Trog

Shops:
D:3 =


Innate Abilities, Weirdness & Mutations

((You are very nimble when in or above water. (Stealth+, EV+, Speed+++)))
Your lower body shifts to a powerful aquatic tail in water.


Message History

You are too injured to fight recklessly!
You are too injured to fight recklessly!
You are too injured to fight recklessly!
You are too injured to fight recklessly!
You are too injured to fight recklessly!
You are too injured to fight recklessly!
You are too injured to fight recklessly!
The goblin closely misses you.
Things that are here:
a +0 club; a hobgoblin corpse
There is an open door, spattered with blood here.
Items here: ))) †.
You barely miss the goblin. The goblin hits you with a +0 club.
The hobgoblin hits you but does no damage.
You hit the goblin.
The goblin is severely wounded.
The gnoll hits you from afar with a +0 spear.
* * * LOW HITPOINT WARNING * * *
The goblin closely misses you. The hobgoblin closely misses you.
You hit the goblin.
You kill the goblin!
The gnoll hits you from afar with a +0 spear.
* * * LOW HITPOINT WARNING * * *
The hobgoblin misses you. The hobgoblin attacks as you move away!
The hobgoblin hits you but does no damage.
You hit the hobgoblin.
You kill the hobgoblin!
The gnoll misses you. The gnoll hits you with a +0 spear.
* * * LOW HITPOINT WARNING * * *
There is an open door, spattered with blood here.
Items here: )))) †.
You barely miss the gnoll. The gnoll completely misses you.
You barely miss the gnoll. The gnoll hits you with a +0 spear.
* * * LOW HITPOINT WARNING * * *
You hit the gnoll.
The gnoll is heavily wounded.
The gnoll hits you with a +0 spear.
You die...

##### #...######## ####
#...#......## ##...
...#.......###....
#)##........#.....
#...........#.....
#...........†.....
#g.)........#.....
##@##........#.....
#)..#.).....###....
#≈≈≈≈≈≈≈#...#......## ##...
#≈≈≈≈≈≈≈#...###############
#≈≈≈≈≈≈≈#####≈≈≈≈≈≈≈≈≈≈≈≈≈≈
#~≈≈≈≈≈≈≈≈≈≈~~≈≈≈≈≈≈≈≈≈≈~≈≈
#~≈~~~~~≈~≈~≈~~~~≈~~~~~~~~~
#~~~~~~~~~~~~~~.~~~~~~.~~.~
#..........................


You could see a gnoll.

Vanquished Creatures
  3 adders
  3 worms
  2 dart slugs
  5 endoplasms
  4 giant cockroaches
  20 hobgoblins
  6 jackals
  2 quokkas
  6 ball pythons
  2 frilled lizards (D:1)
  23 goblins
  4 kobolds
  6 rats
86 creatures vanquished.

Notes
Turn   | Place    | Note
-------+----------+-------------------------------------------
     0 | D:1      | vineage the Merfolk Gladiator began the quest for the Orb.
     0 | D:1      | Reached XP level 1. HP: 16/16 MP: 1/1
   140 | D:1      | Reached XP level 2. HP: 23/23 MP: 2/2
   436 | D:1      | Reached XP level 3. HP: 29/29 MP: 3/3
   796 | D:2      | Reached skill level 5 in Polearms
  1215 | D:2      | Reached XP level 4. HP: 35/35 MP: 4/4
  1255 | D:2      | Found a broken altar of Ashenzari.
  1529 | D:3      | Found Awuehi's Jewellery Boutique.
  1952 | D:3      | Found a bloodstained altar of Trog.
  1952 | D:3      | Found a white marble altar of Elyvilon.
  2429 | D:3      | Found a burning altar of Makhleb.
  2576 | D:3      | Reached XP level 5. HP: 38/42 MP: 5/5
  2603 | D:3      | Reached skill level 6 in Polearms
  2735 | D:3      | Slain by a gnoll

Illustrated notes

Levels and vault maps discovered:
D:1:      ebering_trefoil_3fold, layout_basic, dreamdust_mushroom_princess,
          corner_web_ring
D:2:      layout_basic, serial_co_window_serial, co_window_paths_a,
          co_window_paths_a, co_window_cross_1, co_window_paths_b,
          co_window_corner_a, co_window_corner_b, co_window_broadway_c,
          co_window_broadway_a, co_window_broadway_a, glass_columns_b,
          glass_columns_b, glass_columns_a, glass_columns_a, basic_altar,
          nrook_uturn
D:3:      minmay_goblin_kobold_castle, layout_basic,
          gammafunk_temple_overflow_forgotten, mainiacjoe_overflow_alcove_1,
          serial_shops, shop_coins

Skill      XL: |  1  2  3  4  5 |
---------------+----------------+-----
Fighting       | 3 4 |  4.3
Polearms       | 5 6 |  6.1
Throwing       | |  2.0
Dodging        | |  4.0

Action                     |  1- 3 |  4- 6 || total
---------------------------+-------+-------++-------
  Melee: Trident           |    99 |   142 ||   241
    Use: Scroll            |       |     7 ||     7
   Stab: Sleeping          |     2 |     3 ||     5
 Armour: Leather armour    |    13 |    32 ||    45
  Dodge: Dodged            |    40 |   103 ||   143

Table legend: (Time is in decaauts)
 A = Elapsed time spent in this place.
 B = Non-inter-level travel time spent in this place.
 C = Inter-level travel time spent in this place.
 D = Time resting spent in this place.
 E = Time spent auto-exploring this place.
 F = Levels seen in this place.
 G = Mean time per level.
                   A        B        C        D        E       F      G
               +--------+--------+--------+--------+--------+-----+--------+
         Total |   2708 |   2637 |     71 |      0 |   2202 |   3 |  902.7 |
       Dungeon |   2708 |   2637 |     71 |      0 |   2202 |   3 |  902.7 |
               +--------+--------+--------+--------+--------+-----+--------+

Top non-repeatable levels by time:
     D:3: 1174 daAuts
     D:2: 781 daAuts
     D:1: 752 daAuts
